 Dungeon Crawl Stone Soup version 0.29-a0-542-g075992c915 (webtiles) character file.

Game seed: 2110133021624718729

77 Spectrina the Covert (level 4, -3/27 HPs)
             Began as a Vampire Delver on June 4, 2022.
             Slain by Menkaure (20 damage)
             ... on level 5 of the Dungeon on June 5, 2022.
             The game lasted 00:06:16 (393 turns).

Spectrina the Covert (Vampire Delver)                Turns: 393, Time: 00:06:16

Health: -3/27      AC:  3    Str: 11    XL:     4   Next: 13%
Magic:  4/4        EV: 12    Int: 10    God:
Gold:   81         SH:  4    Dex: 17    Spells: 3/3 levels left

rFire   . . .      SeeInvis +   m - +0 dagger
rCold   + + .      Faith    .   (no shield)
rNeg    + + +      Spirit   .   b - +0 leather armour
rPois   ∞          Reflect  .   (no helmet)
rElec   .          Harm     .   (no cloak)
rCorr   .          Rampage  .   (no gloves)
Will    .....                   (no boots)
Stlth   ++++++....              (no amulet)
HPRegen 0.00/turn               (no ring)
MPRegen 0.09/turn               (no ring)

@: attractive, flying, bloodless, inhibited regen, hasted, very quick
A: bloodless, fangs 3, see invisible, vampiric 2, large bone plates 1, dopey 1,
devolution 1
a: Bat Form, Revivify


You were on level 5 of the Dungeon.
You visited 1 branch of the dungeon, and saw 3 of its levels.

You collected 81 gold pieces.

Inventory:

Hand Weapons
 a - a +0 short sword
 m - a +0 dagger (weapon)
Armour
 b - a +0 leather armour (worn)
Wands
 g - a wand of digging (3)
Scrolls
 c - a scroll of fog
 d - a scroll of magic mapping
 e - a scroll of fear
 i - a scroll of poison {unknown}
 l - 2 scrolls of teleportation {unknown}
Potions
 h - a potion of flight


   Skills:
 - Level 2.6 Fighting
 + Level 3.7 Short Blades
 - Level 2.1 Dodging
 + Level 8.5 Stealth


You had 3 spell levels left.
You didn't know any spells.
Your spell library contained the following spells:

 Spells                   Type           Power      Damage    Failure   Level
 Ignite Poison            Fire/Tmut/Pois 0%         N/A       83%         3
 Mephitic Cloud           Conj/Pois/Air  0%         N/A       83%         3
 Alistair's Intoxication  Tmut/Pois      0%         N/A       100%        5
 Borgnjor's Vile Clutch   Necr/Erth      0%         N/A       100%        5
 Freezing Cloud           Conj/Ice/Air   0%         6-21      100%        5
 Eringya's Noxious Bog    Tmut/Pois      0%         N/A       100%        6


Dungeon Overview and Level Annotations

Branches:
Dungeon (6/15)
 Temple: D:4-7

Altars:

Shops:
D:4 =

Annotations:
D:5 Menkaure


Innate Abilities, Weirdness & Mutations

You do not regenerate when monsters are visible.
You are frail without blood (-20% HP).
You can heal yourself when you bite living creatures.
You are immune to poison.
You have razor-sharp teeth.
You have supernaturally acute eyesight. (SInv)
You are afflicted with vampirism and can become a bat while bloodless.
You are partially covered in large bone plates. (SH +4)
You are dopey. (Int -2)
You have hidden genetic defects.


Message History

Menkaure barely misses you. The gnoll is attracted toward you.
It was a potion of mutation.
You feel extremely strange.
You feel stupid.
You feel a hidden malignance growing inside you.
Large bone plates grow over parts of your arms.
Menkaure hits you!
A gnoll comes into view. It is wielding a +0 spear.
The gnoll is attracted toward you.
It was a potion of flight.
You feel very buoyant.
You fly up into the air.
You block the gnoll's attack. Menkaure barely misses you.
The gnoll is attracted toward you.
Unknown command.
You feel yourself speed up. The gnoll hits you with a +0 whip.
Unknown command.
Unknown command.
You closely miss the gnoll. You bite the gnoll.
You draw the gnoll's blood!
You feel better.
The gnoll is lightly wounded.
You block Menkaure's attack.
Unknown command.
You hit the gnoll.
The gnoll is moderately wounded.
The gnoll closely misses you. The gnoll hits you with a +0 whip.
Unknown command.
You hit the gnoll but do no damage. You bite the gnoll.
You draw the gnoll's blood!
You feel better.
The gnoll is moderately wounded.
Menkaure casts a spell.
Menkaure seems to speed up.
Unknown command.
You hit the gnoll but do no damage. You bite the gnoll.
You draw the gnoll's blood!
You feel better.
The gnoll is heavily wounded.
You block the gnoll's attack. The gnoll misses you.
You hit the gnoll.
The gnoll is severely wounded.
Menkaure hits you!!
Ouch! That really hurt!
You die...

.. .###### #. .......
#.####+## ###. ....$..
..##... ...
.......###.##..# ..#
........##.##..####..#.#
#.....g.##..#..........#
#......M###.#....<#
#.....g@# #..#.##....#
........# ##.#.##.#..#
........####.#.##.##....
...............##.......
..###...................
. #.........>###### #.
#...........# .
########....#
#.........#


You could see Menkaure (fast) and 2 gnolls.

Vanquished Creatures
  A hound (D:5)
  A jelly (D:6)
  An adder (D:4)
  2 quokkas (D:4)
  4 ball pythons (D:4)
  2 kobolds (D:4)
11 creatures vanquished.

Notes
Turn   | Place    | Note
-------+----------+-------------------------------------------
     0 | D:5      | Spectrina the Vampire Delver began the quest for the Orb.
     0 | D:5      | Reached XP level 1. HP: 17/17 MP: 1/1
    34 | D:4      | Found Sein's Jewellery Emporium.
    94 | D:4      | Reached XP level 2. HP: 13/18 MP: 2/2
   257 | D:5      | Reached skill level 8 in Stealth
   257 | D:5      | Gained mutation: You are afflicted with vampirism and can
                  | become a bat while bloodless. [Vampire growth]
   257 | D:5      | Reached XP level 3. HP: 11/22 MP: 3/3
   276 | D:6      | Reached XP level 4. HP: 15/27 MP: 4/4
   312 | D:6      | Noticed a gnoll sergeant
   380 | D:5      | Noticed Menkaure
   386 | D:5      | Gained mutation: You are dopey. (Int -2) [potion of
                  | mutation]
   386 | D:5      | Gained mutation: You have hidden genetic defects. [potion
                  | of mutation]
   386 | D:5      | Gained mutation: You are partially covered in large bone
                  | plates. (SH +4) [potion of mutation]
   393 | D:5      | Slain by Menkaure

Illustrated notes

Levels and vault maps discovered:
D:4:      layout_basic, mainiacjoe_overflow_alcove_2, serial_shops, shop,
          uniq_edmund
D:5:      layout_basic, kiku_gazebo_pond_becter,
          minmay_temple_entry_stoned_glass, uniq_menkaure
D:6:      layout_loops_cross, uniq_maggie

Skill      XL: |  1  2 |
---------------+-------+-----
Short Blades   | 3 |  3.7
Stealth        | 8 |  8.5
Fighting       | |  2.6
Dodging        | |  2.1

Action                   |  1- 3 |  4- 6 || total
-------------------------+-------+-------++-------
Melee: Short sword       |    25 |       ||    25
       Bite              |     4 |     3 ||     7
       Dagger            |    15 |     5 ||    20
 Abil: Exsanguinate      |     1 |       ||     1
  Use: Potion            |       |     5 ||     5
 Stab: Sleeping          |     5 |       ||     5
Armor: Leather armour    |    10 |       ||    10
Dodge: Dodged            |    25 |     4 ||    29
Block: Other             |       |     3 ||     3

Table legend: (Time is in decaauts)
 A = Elapsed time spent in this place.
 B = Non-inter-level travel time spent in this place.
 C = Inter-level travel time spent in this place.
 D = Time resting spent in this place.
 E = Time spent auto-exploring this place.
 F = Levels seen in this place.
 G = Mean time per level.
                   A        B        C        D        E       F      G
               +--------+--------+--------+--------+--------+-----+--------+
         Total |    386 |    386 |      0 |      0 |      0 |   3 |  128.7 |
       Dungeon |    386 |    386 |      0 |      0 |      0 |   3 |  128.7 |
               +--------+--------+--------+--------+--------+-----+--------+

Top non-repeatable levels by time:
     D:4: 164 daAuts
     D:5: 120 daAuts
     D:6: 101 daAuts
